Map: Sequencer LE

Players

ShoWTimE - Winner!

  • Race: Protoss Protoss
  • Spawn Location: 1:00

NightEnD

  • Race: Protoss Protoss
  • Spawn Location: 7:00

Event: WCS Jonkoping 2017

VOD

Have the link to the VOD?

Description

Time

  • Played on: June 17, 2017, 11:38 a.m.
  • Length: 9:40

All games in this series

Show
View Real Time Build Order
Export as new Build Order

ShoWTimE Protoss - Winner!

Build Orders:  

Get SALT Encoding   

  12  0:00  Probe (Chrono Boost)  
  13  0:11  Probe (Chrono Boost)  
  14  0:17  Pylon  
  14  0:22  Probe (Chrono Boost)  
  16  0:35  Probe (Chrono Boost)  
  16  0:36  Gateway  
  16  0:42  Assimilator  
  16  0:46  Probe (Chrono Boost)  
  17  0:50  Assimilator  
  17  0:56  Probe (Chrono Boost)  
  18  1:05  Gateway  
  18  1:07  Probe (Chrono Boost)  
  19  1:17  Probe (Chrono Boost)  
  20  1:23  Cybernetics Core  
  20  1:28  Probe (Chrono Boost)  
  20  1:32  Pylon  
  21  1:39  Probe (Chrono Boost)  
  22  1:49  Probe (Chrono Boost)  
  23  2:00  Stalker x2  
  23  2:01  Warp Gate (Chrono Boost)  
  29  2:08  Mothership Core (Chrono Boost)  
  29  2:15  Pylon  
  29  2:32  Stalker  
  29  2:33  Stalker  
  33  2:58  Probe  
  34  3:05  Sentry x2  
  38  3:07  Nexus  
  38  3:15  Pylon  
  38  3:18  Probe  
  39  3:32  Robotics Facility  
  39  3:35  Probe  
  40  3:56  Probe  
  40  3:59  Twilight Council  
  41  4:09  Probe  
  42  4:13  Phoenix  
  42  4:20  Observer (Chrono Boost)  
  42  4:21  Pylon, Probe  
  42  4:22  Probe  
  45  4:29  Assimilator  
  45  4:33  Probe  
  45  4:34  Probe  
  45  4:37  Blink (Chrono Boost), Immortal  
  47  4:45  Probe  
  52  4:46  Probe  
  53  4:57  Pylon, Probe  
  53  4:58  Probe  
  55  5:03  Phoenix, Forge  
  55  5:09  Probe  
  55  5:10  Probe  
  55  5:12  Immortal  
  61  5:21  Probe  
  61  5:22  Probe  
  61  5:24  Assimilator  
  63  5:33  Probe  
  63  5:34  Probe  
  63  5:35  Gateway  
  65  5:37  Sentry  
  65  5:38  Protoss Ground Weapons Level 1 (Chrono Boost)  
  65  5:41  Gateway  
  67  5:45  Probe  
  67  5:46  Probe  
  69  5:57  Pylon  
  69  6:00  Robotics Bay, Immortal  
  73  6:11  Probe  
  74  6:22  Nexus, Phoenix  
  74  6:24  Pylon  
  74  6:26  Probe  
  74  6:27  Probe  
  76  6:34  Photon Cannon  
  76  6:39  Probe  
  78  6:40  Probe  
  78  6:42  Disruptor  
  81  6:51  Probe  
  81  6:52  Pylon, Probe  
  83  6:55  Charge  
  83  6:59  Stalker x2  
  87  7:03  Stalker  
  87  7:05  Probe  
  87  7:06  Probe  
  91  7:14  Disruptor  
  91  7:17  Probe  
  91  7:18  Probe  
  96  7:25  Gateway x2  
  96  7:32  Gateway  
  96  7:35  Pylon  
  96  7:39  Zealot x2  
  100  7:45  Templar Archives, Zealot  
  100  7:49  Zealot  
  104  7:51  Disruptor  
  104  7:52  Pylon  
  104  7:58  Probe x2  
  108  7:59  Probe  
  110  8:12  Zealot x3  
  112  8:16  Zealot  
  110  8:24  Disruptor  
  110  8:26  Pylon  
  100  8:30  Probe x2  
  100  8:34  High Templar x2  
  109  8:38  Archon  
  109  8:42  High Templar x2, Zealot x2  
  109  8:46  Probe  
  109  8:47  Probe x2  
  120  8:48  Archon  
  120  8:49  Pylon  
  120  8:58  Disruptor  
  120  8:59  Zealot  
  120  9:04  Probe  
  120  9:13  Zealot x4  
  125  9:22  Assimilator  
  125  9:23  Pylon, Assimilator  
  125  9:26  Pylon, Probe  
  125  9:27  Pylon  
  125  9:28  Pylon  
  112  9:38  Zealot x6  
Show
View Real Time Build Order
Export as new Build Order

NightEnD Protoss 

Build Orders: Zealot Archon 

Get SALT Encoding   

  12  0:01  Probe (Chrono Boost)  
  13  0:12  Probe (Chrono Boost)  
  14  0:18  Pylon  
  14  0:23  Probe (Chrono Boost)  
  15  0:36  Probe (Chrono Boost)  
  15  0:37  Gateway  
  16  0:44  Assimilator  
  16  0:47  Probe (Chrono Boost)  
  17  0:51  Assimilator  
  17  0:58  Probe (Chrono Boost)  
  18  1:08  Probe (Chrono Boost)  
  18  1:09  Gateway  
  19  1:19  Probe (Chrono Boost)  
  19  1:24  Cybernetics Core  
  20  1:29  Probe (Chrono Boost)  
  21  1:34  Pylon  
  22  1:40  Probe (Chrono Boost)  
  22  1:50  Probe (Chrono Boost)  
  23  2:00  Stalker, Warp Gate (Chrono Boost)  
  25  2:03  Stalker  
  27  2:10  Mothership Core  
  29  2:16  Pylon  
  29  2:35  Probe  
  30  2:49  Nexus  
  30  2:52  Sentry  
  30  2:53  Sentry  
  34  3:07  Robotics Facility  
  34  3:10  Probe  
  35  3:18  Pylon  
  35  3:23  Probe  
  36  3:35  Probe  
  36  3:38  Twilight Council  
  37  3:47  Probe  
  36  3:49  Stalker  
  36  3:52  Stalker  
  40  3:57  Observer  
  40  3:59  Probe  
  42  4:15  Stalker x2  
  46  4:20  Probe (Chrono Boost)  
  46  4:21  Probe (Chrono Boost)  
  48  4:32  Probe (Chrono Boost)  
  48  4:33  Probe (Chrono Boost)  
  50  4:42  Probe (Chrono Boost)  
  50  4:43  Probe (Chrono Boost)  
  52  4:46  Forge  
  52  4:53  Probe (Chrono Boost)  
  52  4:54  Probe (Chrono Boost)  
  54  5:02  Pylon  
  54  5:03  Probe (Chrono Boost)  
  54  5:04  Probe (Chrono Boost)  
  54  5:05  Charge  
  56  5:13  Immortal  
  56  5:14  Probe (Chrono Boost)  
  57  5:15  Probe (Chrono Boost)  
  57  5:20  Protoss Ground Weapons Level 1 (Chrono Boost)  
  62  5:24  Assimilator  
  62  5:25  Probe  
  62  5:26  Probe  
  62  5:27  Assimilator  
  64  5:37  Probe  
  64  5:38  Probe  
  64  5:40  Pylon  
  66  5:48  Immortal  
  66  5:51  Gateway  
  66  5:52  Gateway  
  66  5:55  Templar Archives  
  70  6:02  Gateway  
  70  6:04  Gateway  
  70  6:06  Probe  
  70  6:08  Probe  
  72  6:24  Nexus  
  72  6:27  Pylon  
  72  6:30  Pylon  
  72  6:34  Zealot  
  72  6:35  Zealot  
  72  6:38  Warp Prism  
  78  6:49  Gateway  
  78  6:59  High Templar x3  
  84  7:01  High Templar  
  84  7:03  Zealot x2  
  84  7:06  Gateway  
  90  7:09  Probe x2  
  92  7:21  Probe x2  
  92  7:22  Archon x2  
  94  7:23  Pylon  
  94  7:29  Pylon  
  94  7:41  High Templar x2  
  98  7:45  High Templar x2  
  98  7:46  Zealot x3  
  98  7:47  Archon  
  98  7:50  Archon  
  108  7:55  Pylon  
  108  8:08  Zealot x3  
  100  8:15  Warp Prism  
  84  8:25  High Templar x2, Zealot x3  
  84  8:26  Zealot  
  96  8:29  Zealot  
  96  8:30  Archon  
  98  8:37  Probe x2  
  98  8:38  Gateway  
  100  8:43  Gateway x2  
  100  8:47  High Templar x2, Zealot x3  
  110  8:52  Archon  
  104  9:06  Zealot x5  
  106  9:12  Zealot  
  106  9:25  High Templar  
  106  9:26  High Templar  
  106  9:27  Zealot x4  
  106  9:29  Archon  
Tags
 
Add a new tag
Caveats
  • Supply blocks, unpowered buildings, or Contaminate may cause inaccurate times.
  • Supply counts are checked every 10 seconds.